 Dungeon Crawl Stone Soup version 0.26-a0-778-g3fe0686644 (webtiles) character file.

Game seed: 5725799252118955900

62 sideus8 the Magician (level 3, -2/19 HPs)
             Began as a Deep Elf Fire Elementalist on Nov 10, 2020.
             Slain by a gnoll
             ... wielding a +2 whip of electrocution
              (8 damage)
             ... on level 2 of the Dungeon.
             The game lasted 00:03:09 (1202 turns).

sideus8 the Magician (Deep Elf Fire Elementalist)   Turns: 1202, Time: 00:03:09

Health: -2/19      AC:  2    Str:  5    XL:     3   Next: 85%
Magic:  1/10       EV:  7    Int: 20    God:
Gold:   58         SH:  0    Dex: 15    Spells: 9/10 levels left

rFire    . . .     SeeInvis .   (no weapon)
rCold    . . .     Faith    .   (no shield)
rNeg     . . .     Spirit   .   a - +0 robe
rPois    .         Reflect  .   (no helmet)
rElec    .         Harm     .   (no cloak)
rCorr    .         Rampage  .   (no gloves)
MR       .....                  (no boots)
Stlth    ++........             (no amulet)
HPRegen  0.06/turn              (no ring)
MPRegen  0.12/turn              (no ring)

@: held
A: no striking features
a: no special abilities


You were on level 2 of the Dungeon.
You visited 1 branch of the dungeon, and saw 2 of its levels.

You collected 58 gold pieces.

Inventory:

Armour
 a - a +0 robe (worn)
 g - a +0 ring mail
Scrolls
 b - 2 scrolls of teleportation {unknown}
 d - a scroll of noise {unknown}
 e - a scroll of identify {unknown}
 h - 2 scrolls of immolation {unknown}
Potions
 c - a potion of resistance {unknown}
 f - a potion of mutation {unknown}
 i - 2 potions of curing {unknown}
 j - a potion of heal wounds {unknown}


   Skills:
 + Level 2.7 Dodging
 + Level 2.4 Stealth
 + Level 4.4 Spellcasting
 + Level 1.4 Conjurations
 + Level 4.2 Fire Magic


You had 9 spell levels left.
You knew the following spells:

 Your Spells              Type           Power        Failure   Level
a - Foxfire               Conj/Fire      ###.         3%          1

Your spell library contained the following spells:

 Spells                   Type           Power        Failure   Level
 Conjure Flame            Conj/Fire      ###.....     12%         3
 Inner Flame              Hex/Fire       ##......     16%         3
 Sticky Flame             Conj/Fire      ###.....     36%         4
 Fireball                 Conj/Fire      ###.......   71%         5


Dungeon Overview and Level Annotations

Branches:
Dungeon (2/15)

Altars:
Ru


Message History

The gnoll is lightly wounded.
The foxfire hits the gnoll.
The gnoll is moderately wounded.
Casting: Foxfire (safe; 3% risk of failure)
Confirm with . or Enter, or press ? or * to list all spells.
You conjure some foxfire!
Casting: Foxfire (safe; 3% risk of failure)
Confirm with . or Enter, or press ? or * to list all spells.
You conjure some foxfire!
The foxfire hits the gnoll but does no damage.
The gnoll is moderately wounded.
The foxfire hits the gnoll.
The gnoll is moderately wounded.
You struggle against the net.
The foxfire hits the gnoll.
The gnoll is severely wounded.
The gnoll hits you with a +2 whip of electrocution!
You tear a large gash into the net.
The gnoll hits you with a +2 whip of electrocution.
You are electrocuted!
You die...

## >. #. #) #.
...###g####
..(.)..@v.#
...###ยง##.##
#.#...## #......#
###....# ##.#.#
##.#.##
###.....########
.....#..........#


You could see a gnoll.

Vanquished Creatures
  2 gnolls (D:2)
  An adder (D:2)
  A worm (D:2)
  3 leopard geckos (D:1)
  5 bats (D:1)
  3 goblins
  7 hobgoblins
  2 jackals (D:2)
  2 frilled lizards
  2 kobolds (D:1)
28 creatures vanquished.

Vanquished Creatures (others)
  85 foxfires
85 creatures vanquished.

Grand Total: 113 creatures vanquished

Notes
Turn   | Place    | Note
-------+----------+-------------------------------------------
     0 | D:1      | sideus8 the Deep Elf Fire Elementalist began the quest for
                  | the Orb.
     0 | D:1      | Reached XP level 1. HP: 10/10 MP: 6/6
   224 | D:1      | Reached XP level 2. HP: 15/15 MP: 2/8
   922 | D:2      | Found a sacrificial altar of Ru.
   964 | D:2      | Reached XP level 3. HP: 19/19 MP: 5/10
  1202 | D:2      | Slain by a gnoll

Illustrated notes

Levels and vault maps discovered:
D:1:      dpeg_arrival_pits, layout_basic
D:2:      layout_loops_ring, overflow_temple_1_default, minmay_cupped

Skill      XL: |  1  2  3 |
---------------+----------+-----
Spellcasting   | 4 |  4.4
Fire Magic     | 4 |  4.2
Dodging        | |  2.7
Stealth        | |  2.4
Conjurations   | |  1.4

Action                   || total
-------------------------++-------
 Cast: Foxfire           ||    63
Dodge: Dodged            ||     3

Table legend: (Time is in decaauts)
 A = Elapsed time spent in this place.
 B = Non-inter-level travel time spent in this place.
 C = Inter-level travel time spent in this place.
 D = Time resting spent in this place.
 E = Time spent auto-exploring this place.
 F = Levels seen in this place.
 G = Mean time per level.
                   A        B        C        D        E       F      G
               +--------+--------+--------+--------+--------+-----+--------+
         Total |   1201 |   1201 |      0 |      0 |    978 |   2 |  600.5 |
       Dungeon |   1201 |   1201 |      0 |      0 |    978 |   2 |  600.5 |
               +--------+--------+--------+--------+--------+-----+--------+

Top non-repeatable levels by time:
     D:1: 922 daAuts
     D:2: 279 daAuts
